 Dungeon Crawl Stone Soup version 0.17-a0-2118-g63bad21 (webtiles) character file.

42 brucemayne the Chopper (level 3, -7/27 HPs)
             Began as a Demonspawn Gladiator on Oct 20, 2015.
             Was an Initiate of Makhleb.
             Killed by divine providence
             ... invoked by an orc priest
              (12 damage)
             ... on level 3 of the Dungeon.
             The game lasted 00:01:47 (278 turns).

brucemayne the Chopper (Demonspawn Gladiator)        Turns: 278, Time: 00:01:48

Health: -7/27      AC:  4    Str: 16    XL:     3   Next: 35%
Magic:  3/3        EV: 18    Int:  9    God:    Makhleb [......]
Gold:   51         SH:  0    Dex: 18    Spells: 0 memorised, 2 levels left

rFire  . . .     SeeInvis .     a - +0 war axe
rCold  . . .     Clarity  .     b - +0 leather armour
rNeg   . . .     SustAt   .     (no shield)
rPois  .         Gourm    .     c - +0 helmet
rElec  .         Spirit   .     (no cloak)
rCorr  .         Warding  .     (no gloves)
rMut   .         Stasis   .     (no boots)
MR     .....                    (no amulet)
Stlth  ++........               (no ring)
                                (no ring)

@: agile, not resistant to hostile enchantments, unstealthy
A: powered by pain 1
a: Renounce Religion


You were on level 3 of the Dungeon.
You worshipped Makhleb.
Makhleb was noncommittal.
You were not hungry.

You visited 1 branch of the dungeon, and saw 3 of its levels.

You collected 51 gold pieces.

Inventory:

Hand Weapons
 a - a +0 war axe (weapon)
Missiles
 d - 2 throwing nets (quivered)
 l - 5 tomahawks
Armour
 b - a +0 leather armour (worn)
 c - a +0 helmet (worn)
Scrolls
 f - a scroll of recharging {unknown}
 k - a scroll of noise {unknown}
 m - a scroll of remove curse {unknown}
Comestibles
 e - 2 bread rations
 i - a slice of pizza
 n - a chunk of flesh


   Skills:
 - Level 2.0 Fighting
 + Level 4.0 Axes
 - Level 1.7 Throwing
 - Level 2.6 Dodging


You had 2 spell levels left.
You didn't know any spells.

Dungeon Overview and Level Annotations

Branches:
Dungeon (3/15)

Altars:
Makhleb


Innate Abilities, Weirdness & Mutations

You sometimes gain a little power by taking damage.


Message History

The orc hits you with a flail. The kobold hits you but does no damage.
You slash the kobold!
You kill the kobold!
Makhleb accepts your kill.
You hit the orc but do no damage. The orc hits you with a flail.
* * * LOW HITPOINT WARNING * * *
Drink which item? (? for menu, Esc to quit)
It was a potion of curing.
You feel better. The orc closely misses you.
Drink which item? (? for menu, Esc to quit)
It was a potion of magic.
Magic courses through your body. The orc hits you with a flail.
Drink which item? (? for menu, Esc to quit)
It was a potion of agility.
You feel agile all of a sudden.
The orc cheers loudly.
The orc hits you with a flail.
* * * LOW HITPOINT WARNING * * *
The orc priest mumbles some strange prayers to Beogh against you.
Something smites you!
You die...

.# ####.# .
#....############
.##....#......)@oo#
.o....#.########o#
#o..# ...... #.# .
#...# #... #.#
...#...###.#######.#
.....(.o....o.)....#
........##.#.#######
..#####.##.#.# ..
#.##.#.#


You could see an orc priest and 2 orcs.

Vanquished Creatures
  A hound (D:3)
  3 orcs (D:3)
  3 kobolds
  4 bats
  A giant newt (D:2)
12 creatures vanquished.

Notes
Turn   | Place    | Note
--------------------------------------------------------------
     0 | D:1      | brucemayne the Demonspawn Gladiator began the quest for the Orb.
     0 | D:1      | Reached XP level 1. HP: 16/16 MP: 1/1
    51 | D:2      | Found a burning altar of Makhleb.
    63 | D:2      | Reached skill level 3 in Axes
    67 | D:2      | Became a worshipper of Makhleb the Destroyer
   203 | D:3      | Noticed a hound
   212 | D:3      | Killed a hound
   212 | D:3      | Gained mutation: You sometimes gain a little power by taking damage. [demonic ancestry]
   212 | D:3      | Reached XP level 2. HP: 12/22 MP: 2/2
   212 | D:3      | Reached XP level 3. HP: 14/27 MP: 3/3
   239 | D:3      | Reached skill level 4 in Axes
   262 | D:3      | Noticed an orc priest
   278 | D:3      | Killed from afar by an orc priest

Vault maps used:
D:1:      minmay_arrival_four_circles, hangedman_decor_growths,
          minmay_misc_feat_tiny, lemuel_flame_loot_1
D:2:      lightli_temple_of_fire, first_bread, uniq_crazy_yiuf_cottage,
          uniq_robin

Action                   || total
-------------------------++-------
Melee: War axe           ||    43
Throw: Throwing net      ||     1
  Use: Potion            ||     3
 Stab: Sleeping          ||     1
